Map: Sequencer LE

Players

Harstem

  • Race: Protoss Protoss
  • League: Master
  • Spawn Location: 1:00

ByuN - Winner!

  • Race: Terran Terran
  • Spawn Location: 7:00

Event: HomeStory Cup XV

VOD

Have the link to the VOD?

Description

Time

  • Played on: July 23, 2017, 12:17 p.m.
  • Length: 5:33

All games in this series

Show
View Real Time Build Order
Export as new Build Order

Harstem Protoss 

Build Orders: Oracle Opening 

Get SALT Encoding   

  12  0:00  Probe (Chrono Boost)  
  13  0:11  Probe (Chrono Boost)  
  14  0:17  Pylon  
  14  0:22  Probe (Chrono Boost)  
  16  0:35  Probe (Chrono Boost)  
  16  0:36  Gateway  
  16  0:46  Probe (Chrono Boost)  
  16  0:47  Assimilator  
  17  0:57  Probe (Chrono Boost)  
  18  1:07  Probe (Chrono Boost)  
  19  1:18  Probe (Chrono Boost)  
  20  1:22  Assimilator  
  20  1:25  Zealot, Cybernetics Core  
  22  1:26  Pylon  
  22  1:30  Probe (Chrono Boost)  
  23  1:39  Pylon  
  23  1:45  Probe (Chrono Boost)  
  24  1:55  Probe (Chrono Boost)  
  27  2:01  Adept (Chrono Boost)  
  27  2:03  Stargate  
  26  2:27  Probe  
  26  2:29  Warp Gate (Chrono Boost), Adept (Chrono Boost)  
  29  2:42  Probe  
  30  2:49  Oracle (Chrono Boost)  
  31  3:08  Probe  
  31  3:20  Probe (Chrono Boost)  
  31  3:22  Gateway  
  32  3:32  Probe (Chrono Boost)  
  33  3:36  Oracle (Chrono Boost)  
  33  3:39  Gateway  
  33  3:40  Pylon  
  36  3:43  Probe  
  37  4:05  Nexus  
  37  4:12  Probe  
  39  4:28  Pylon  
  39  4:35  Stalker x2  
  39  4:37  Stalker  
  35  4:55  Probe (Chrono Boost)  
  36  5:01  Stalker x3  
  42  5:09  Probe (Chrono Boost)  
  45  5:24  Stalker x2  
Show
View Real Time Build Order
Export as new Build Order

ByuN Terran - Winner!

Build Orders: Cyclone Opening 

Get SALT Encoding   

  12  0:00  SCV  
  13  0:12  SCV  
  14  0:18  Supply Depot  
  14  0:24  SCV  
  15  0:40  Barracks  
  15  0:43  SCV  
  15  0:46  Refinery  
  16  0:53  Refinery  
  16  0:56  SCV  
  17  1:08  SCV  
  18  1:21  SCV  
  19  1:27  Reaper  
  20  1:33  Orbital Command  
  20  1:36  Supply Depot  
  20  1:46  Factory  
  20  1:58  SCV  
  20  1:59  Reaper  
  22  2:10  SCV  
  23  2:23  SCV  
  24  2:31  Cyclone  
  24  2:35  SCV  
  24  2:36  Starport  
  28  2:46  Supply Depot  
  28  2:47  SCV  
  29  2:59  SCV  
  29  3:08  Cyclone  
  33  3:13  Viking  
  34  3:25  Command Center  
  34  3:30  SCV  
  33  3:36  Supply Depot  
  33  3:42  SCV  
  33  3:45  Starport Tech Lab, Widow Mine  
  36  3:58  SCV  
  37  4:03  Banshee, Cloaking Field  
  40  4:12  SCV  
  43  4:23  Cyclone  
  44  4:27  Barracks  
  44  4:28  Supply Depot  
  44  4:29  SCV  
  45  4:34  Barracks Reactor  
  45  4:42  SCV  
  43  4:48  Banshee  
  43  4:54  SCV  
  43  4:57  Barracks  
  46  5:06  SCV  
  48  5:12  Marine  
  48  5:13  Marine  
  50  5:15  Marine  
  51  5:26  Engineering Bay  
Tags
 
Add a new tag
Caveats
  • Supply blocks, unpowered buildings, or Contaminate may cause inaccurate times.
  • Supply counts are checked every 10 seconds.